 Dungeon Crawl Stone Soup version 0.19.4-9-g45fd643 (webtiles) character file.

70 JeffiDaFish the Shield-Bearer (level 4, 0/28 HPs)
             Began as a Gargoyle Fighter on Feb 16, 2017.
             Killed from afar by Marinez's ghost (5 damage)
             ... with a puff of frost
             ... on level 3 of the Dungeon.
             The game lasted 00:04:37 (1581 turns).

JeffiDaFish the Shield-Bearer (Gargoyle Fighter)    Turns: 1581, Time: 00:04:37

Health: 0/28       AC: 20    Str: 22 (25) XL:     4   Next: 22%
Magic:  4/4        EV:  7    Int:  7 (8)  God:
Gold:   57         SH:  9    Dex:  9 (10) Spells: 0 memorised, 3 levels left

rFire  . . .     SeeInvis .     a - +0 flail
rCold  . . .     Gourm    .     b - +0 scale mail
rNeg   + . .     Faith    .     c - +0 shield
rPois  ∞         Spirit   .     i - +2 helmet
rElec  +         Reflect  .     n - +0 cloak (curse)
rCorr  .         Harm     .     e - +0 pair of gloves
MR     .....                    m - +0 pair of boots
Stlth  ..........               (no amulet)
                                (no ring)
                                l - +3 ring of protection

@: mighty
A: negative energy resistance 1, electricity resistance, unbreathing,
petrification resistance, rot immunity, AC +3
a: no special abilities


You were on level 3 of the Dungeon.
You were not hungry.

You visited 1 branch of the dungeon, and saw 3 of its levels.

You collected 57 gold pieces.

Inventory:

Hand Weapons
 a - a +0 flail (weapon)
Armour
 b - a +0 scale mail (worn)
 c - a +0 shield (worn)
 e - a +0 pair of gloves (worn)
 i - a +2 helmet (worn)
 m - a +0 pair of boots (worn)
 n - a cursed +0 cloak (worn)
Jewellery
 l - a +3 ring of protection (left hand)
Scrolls
 h - 2 scrolls of fear
Potions
 k - a potion of brilliance
Comestibles
 f - 2 bread rations
 g - a meat ration
 j - a slice of pizza
 o - a chunk of flesh


   Skills:
 + Level 3.5 Fighting
 + Level 3.0 Maces & Flails
 + Level 3.8 Armour
 + Level 0.2 Dodging
 + Level 0.2 Stealth
 + Level 4.0 Shields


You had 3 spell levels left.
You didn't know any spells.

Dungeon Overview and Level Annotations

Branches:
Dungeon (3/15)

Altars:

Annotations:
D:3 Marinez's ghost, amateur HEIE


Innate Abilities, Weirdness & Mutations

You are resistant to torment.
Your stone body is resilient. (AC +3)
You are immune to poison.
You resist negative energy. (rN+)
You are resistant to electric shocks. (rElec)
You can survive without breathing.
You are immune to petrification.
You are immune to rotting.


Message History

The frilled lizard bites you but does no damage.
You sock the frilled lizard!
You kill the frilled lizard!
The bat completely misses you.
Okay, then.
You sock Marinez's ghost!
Marinez's ghost is heavily damaged.
Marinez's ghost hits you but does no damage.
You closely miss Marinez's ghost.
Marinez's ghost is heavily damaged.
Marinez's ghost hits you but does no damage.
Marinez's ghost closely misses you.
You miss Marinez's ghost.
Marinez's ghost is heavily damaged.
Marinez's ghost barely misses you.
You miss Marinez's ghost.
Marinez's ghost is heavily damaged.
Marinez's ghost casts a spell at you. The puff of frost hits you!
You die...

#...(# #...<#
#....# .
.#####....### ..
............# ...
.######..##.# ....
#..........###
.....#.####(.......
......)#bW@.<#.#.##
......(.w##..#.# #
......#####..#.#
..... #..# ....
#... .## #....
#.###. +# .#


You could see Marinez's ghost, a dart slug and a bat.

Vanquished Creatures
  3 adders (D:2)
  A worm (D:2)
  A dart slug (D:1)
  2 leopard geckos (D:2)
  2 giant cockroaches (D:2)
  4 goblins
  4 hobgoblins (D:1)
  2 quokkas
  5 frilled lizards
  9 kobolds
  5 rats
38 creatures vanquished.

Notes
Turn   | Place    | Note
-------+----------+-------------------------------------------
     0 | D:1      | JeffiDaFish the Gargoyle Fighter began the quest for the Orb.
     0 | D:1      | Reached XP level 1. HP: 14/14 MP: 1/1
   112 | D:1      | Reached XP level 2. HP: 17/19 MP: 2/2
   613 | D:2      | Reached XP level 3. HP: 21/23 MP: 3/3
  1114 | D:2      | Reached XP level 4. HP: 26/28 MP: 4/4
  1557 | D:3      | Noticed Marinez's ghost (amateur HEIE)
  1561 | D:3      | Reached skill level 4 in Shields
  1581 | D:3      | Killed from afar by Marinez's ghost

Skill      XL: |  1  2  3  4 |
---------------+-------------+-----
Maces & Flails | 3 |  3.0
Shields        | 4 |  4.0
Fighting       | |  3.5
Armour         | |  3.8
Dodging        | |  0.2
Stealth        | |  0.2

Action                   |  1- 3 |  4- 6 || total
-------------------------+-------+-------++-------
Melee: Flail             |   144 |    35 ||   179
  Use: Potion            |     5 |     3 ||     8
       Scroll            |     3 |     1 ||     4
  Eat: Chunk             |     1 |     2 ||     3
Armor: Scale mail        |    85 |    25 ||   110
Dodge: Dodged            |    39 |    13 ||    52
Block: Shield            |    67 |    20 ||    87
